 Dungeon Crawl Stone Soup version 0.22.1-1-ga44c0e5 (webtiles) character file.

11229 dvd the Thaumaturge (level 11, -4/56 (57) HPs)
             Began as a Deep Elf Fire Elementalist on Nov 2, 2018.
             Was a Believer of Vehumet.
             Hit by a large rock thrown by a cyclops (60 damage)
             ... on level 11 of the Dungeon.
             The game lasted 00:33:08 (12919 turns).

dvd the Thaumaturge (Deep Elf Fire Elementalist)   Turns: 12919, Time: 00:33:09

HP:   -4/56 (57)    AC:  6    Str:  5    XL:     11   Next: 46%
MP:   23/30         EV: 15    Int: 29    God:    Vehumet [**....]
Gold: 558           SH:  0    Dex: 16    Spells: 23/37 levels left

rFire    + . .     SeeInvis +   K - +7 quarterstaff of Xokk {freeze, MR+}
rCold    x . .     Gourm    .   (shield currently unavailable)
rNeg     . . .     Faith    .   C - +0 robe "Caichaes" {*Drain rPois Regen+ SInv} (curse)
rPois    +         Spirit   .   (helmet restricted)
rElec    .         Reflect  .   (no cloak)
rCorr    .         Harm     +   M - +2 pair of gloves {Dex+3}
MR       +++..                  (no boots)
Stlth    +++.......             o - amulet of harm
HPRegen  0.58/turn              r - ring of fire
MPRegen  0.22/turn              L - +5 ring of intelligence

@: no status effects
A: antennae 1, rugged brown scales 1, clumsy 1, magic resistance 1
a: Renounce Religion


You were on level 11 of the Dungeon.
You worshipped Vehumet.
Vehumet was pleased with you.
You were not hungry.

You visited 2 branches of the dungeon, and saw 12 of its levels.

You collected 588 gold pieces.
You spent 30 gold pieces at shops.

Inventory:

Hand Weapons
 a - a +3 dagger of speed
 F - a +2 war axe of venom
 K - the +7 quarterstaff of Xokk (weapon) {freeze, MR+}
   (You found it on level 9 of the Dungeon)

   It has been specially enchanted to freeze those struck by it, causing extra
   injury to most foes and up to half again as much damage against particularly
   susceptible opponents.
   It can also slow down cold-blooded creatures.
   It affects your resistance to hostile enchantments.
Armour
 n - a +1 helmet
 v - a +3 leather armour
 z - a +2 robe of magic resistance
 C - the cursed +0 robe "Caichaes" (worn) {*Drain rPois Regen+ SInv}
   (You took it off a centaur on level 9 of the Dungeon)

   It protects you from poison.
   It lets you see invisible.
   It increases your rate of regeneration.
   It causes draining when unequipped.
   It has a curse placed upon it.
 M - a +2 pair of gloves of dexterity (worn)
Jewellery
 d - an uncursed ring of protection from cold
 o - an amulet of harm (around neck)
 r - a ring of fire (left hand)
 L - a +5 ring of intelligence (right hand)
Wands
 t - a wand of disintegration (22)
 u - a wand of random effects (61)
 y - a wand of iceblast (7)
 A - a wand of enslavement (10)
 G - a wand of digging (14)
 O - a wand of flame (21)
Scrolls
 e - 7 scrolls of remove curse
 g - 4 scrolls of blinking
 i - a scroll of immolation
 k - 5 scrolls of identify
 l - 4 scrolls of teleportation
 m - 2 scrolls of magic mapping
 s - a scroll of enchant armour
 w - a scroll of fog {unknown}
Potions
 b - 4 potions of cancellation
 f - 2 potions of mutation
 h - a potion of resistance {unknown}
 j - 5 potions of heal wounds
 q - 2 potions of agility
 D - 4 potions of curing
 N - a potion of might
Comestibles
 c - 22 rations
 p - 8 chunks of flesh


   Skills:
 + Level 1.6 Fighting
 + Level 2.7 Short Blades
 + Level 0.7(0.8) Staves
 + Level 2.1 Armour
 + Level 4.6 Dodging
 + Level 5.9 Stealth
 + Level 13.5 Spellcasting
 + Level 9.9 Conjurations
 + Level 0.4 Translocations
 + Level 10.7 Fire Magic
 + Level 1.1 Evocations


You had 23 spell levels left.
You knew the following spells:

 Your Spells              Type           Power        Failure   Level  Hunger
a - Flame Tongue          Conj/Fire      #####        1%          1    None
b - Throw Flame           Conj/Fire      ######       1%          2    None
c - Sticky Flame          Conj/Fire      #######.     1%          4    None
d - Fireball              Conj/Fire      #######...   1%          5    #......
e - Blink                 Tloc           N/A          3%          2    None

Your spell library contained the following spells:

 Spells                   Type           Power        Failure   Level  Hunger
 Dazzling Spray           Conj/Hex       #####.       1%          3    None
 Magic Dart               Conj           ####         1%          1    None
 Conjure Flame            Conj/Fire      #######.     1%          3    None
 Inner Flame              Hex/Fire       ######..     1%          3    None
 Mephitic Cloud           Conj/Pois/Air  #####...     1%          3    None
 Beastly Appendage        Tmut           ###...       2%          1    None
 Call Imp                 Summ           ###.....     4%          2    None
 Slow                     Hex            ###.....     4%          2    None
 Sticks to Snakes         Tmut           ###.....     4%          2    None
 Spider Form              Tmut/Pois      ###.......   8%          3    None
 Ice Form                 Ice/Tmut       ###.....     26%         4    None
 Blade Hands              Tmut           ###.......   58%         5    #......


Dungeon Overview and Level Annotations

Branches:
Dungeon (11/15)            Temple (1/1) D:7            Lair (0/6) D:10
    Orc: D:9-12

Altars:
Ashenzari
Cheibriados
Dithmenos
Elyvilon
Fedhas
Gozag
Hepliaklqana
Kikubaaqudgha
Makhleb
Nemelex Xobeh
Okawaru
Qazlal
Ru
Sif Muna
Trog
Uskayaw
Vehumet
Wu Jian
Xom
Yredelemnul
Zin
The Shining One

Shops:
D:6 (}=!   D:9 (

Annotations:
D:11 3 runed doors, thomasnlv21's ghost, journeyman MiBe


Innate Abilities, Weirdness & Mutations

You have a pair of small antennae on your head.
You are partially covered in rugged brown scales. (AC +1, +3% HP)
You are clumsy. (Dex -2)
You are resistant to hostile enchantments. (MR+)


Message History

Confirm with . or Enter, or press ? or * to list all spells.
Aiming: Flame Tongue (safe; 1% risk of failure)
Press: ? - help, Shift-Dir - straight line, f/p - adder
Aim: an adder (almost dead)
You feel a surge of power!
The flame tongue hits the adder.
You kill the adder!
Vehumet accepts your kill.
Found a spear, 14 gold pieces and 3 scrolls of enchant weapon.
You see here an adder corpse.
You butcher the adder corpse.
p - 8 chunks of flesh (gained 2) Unknown command.
Okay, then.
Unknown command.
A cyclops comes into view.
The cyclops throws a large rock.
The large rock barely misses you.
You see here a large rock.
The cyclops throws a large rock.
The large rock hits you!!!
Ouch! That really hurt!
You die...

.............# #....
..............+ #....
..............# #....
..............# #....
..............##########
...................#....
..................#....
..#...(######....#....
#..@.# ........'....
#....#.........#....
#.$).#.........#....
#?...#.........#....
#....#........<#....
#....#....##########
#.C..# ... #.... #....#
. #.... #....


You could see a cyclops.

Vanquished Creatures
  Erolcha (D:11)
  2 two-headed ogres
  Pikel (D:4)
  An oklob plant (D:10)
  A cyclops (D:11)
  Maurice (D:11)
  2 trolls (D:10)
  Grinder (D:5)
  Prince Ribbit (D:5)
  2 hornets (D:11)
  4 hippogriffs
  A spriggan (D:7)
  2 wyverns
  Grum (D:11)
  A hungry ghost (D:10)
  3 phantoms
  A black bear (D:10)
  3 ice beasts
  2 orc warriors
  3 necrophages
  4 sky beasts
  7 ogres
  4 wolves (D:11)
  A crocodile (D:9)
  8 centaurs
  A big kobold (D:7)
  4 bullfrogs
  A wyvern skeleton (D:11)
  5 howler monkeys
  5 crimson imps
  6 hounds
  3 orc priests
  4 jellies
  A gnoll shaman (D:4)
  4 bullfrog skeletons
  2 iguanas
  3 orc wizards
  7 worker ants
  2 killer bee zombies
  A hound zombie (D:8)
  A howler monkey zombie (D:6)
  7 gnolls
  11 adders
  A howler monkey skeleton (D:2)
  A shadow imp (D:9)
  An adder zombie (D:10)
  An adder skeleton (D:8)
  A worm (D:4)
  5 leopard geckos
  25 orcs
  8 bats
  6 giant cockroaches
  6 goblins
  10 hobgoblins
  10 jackals
  13 kobolds
  6 quokkas
  4 frilled lizards
  A leopard gecko skeleton (D:6)
  3 rats
  A plant (D:10)
229 creatures vanquished.

Vanquished Creatures (others)
  10 plants
10 creatures vanquished.

Grand Total: 239 creatures vanquished

Notes
Turn   | Place    | Note
-------+----------+-------------------------------------------
     0 | D:1      | dvd the Deep Elf Fire Elementalist began the quest for the
                  | Orb.
     0 | D:1      | Reached XP level 1. HP: 10/10 MP: 6/6
   172 | D:1      | Reached XP level 2. HP: 15/15 MP: 2/8
   788 | D:1      | Learned a level 2 spell: Throw Flame
  1512 | D:2      | Reached XP level 3. HP: 12/19 MP: 5/10
  2500 | D:3      | Found a sacrificial altar of Ru.
  2510 | D:3      | Reached skill level 4 in Spellcasting
  2510 | D:3      | Reached XP level 4. HP: 16/24 MP: 0/12
  3154 | D:3      | Learned a level 4 spell: Sticky Flame
  3280 | D:3      | Reached XP level 5. HP: 7/28 MP: 0/14
  3910 | D:4      | Noticed an ogre
  3918 | D:4      | Killed an ogre
  3918 | D:4      | Reached skill level 5 in Spellcasting
  4354 | D:4      | Reached skill level 1 in Short Blades
  4357 | D:4      | Reached XP level 6. HP: 33/33 MP: 4/15
  4534 | D:4      | Reached skill level 5 in Fire Magic
  4997 | D:5      | Entered Level 5 of the Dungeon
  4997 | D:5      | Noticed Pikel
  4997 | D:5      | Noticed a slave
  4997 | D:5      | Noticed a slave
  4997 | D:5      | Noticed a slave
  4997 | D:5      | Noticed an ice beast
  5044 | D:5      | Noticed Prince Ribbit
  5083 | D:5      | Killed an ice beast
  5083 | D:5      | Reached skill level 6 in Spellcasting
  5083 | D:5      | Reached XP level 7. HP: 37/37 MP: 13/18
  5146 | D:5      | Killed Prince Ribbit
  5359 | D:4      | Killed Pikel
  5359 | D:4      | Reached skill level 1 in Armour
  5359 | D:4      | Reached skill level 7 in Spellcasting
  5359 | D:4      | Reached skill level 5 in Conjurations
  5359 | D:4      | Reached XP level 8. HP: 30/42 MP: 4/21
  5445 | D:4      | Learned a level 5 spell: Fireball
  5492 | D:5      | Noticed Grinder
  5521 | D:5      | Killed Grinder
  5521 | D:5      | Reached skill level 5 in Stealth
  5578 | D:5      | Reached skill level 8 in Spellcasting
  6065 | D:6      | Found Tablojy's Jewellery Boutique.
  6177 | D:6      | Found Faba's Weapon Shoppe.
  6181 | D:6      | Found Zoiza's Gadget Shoppe.
  6410 | D:6      | Found Zapsitsa's Distillery.
  6415 | D:6      | Bought a potion of curing for 30 gold pieces
  6514 | D:6      | Reached XP level 9. HP: 44/46 MP: 14/23
  6619 | D:6      | Found a shadowy altar of Dithmenos.
  6829 | D:7      | Found a staircase to the Ecumenical Temple.
  6850 | D:7      | Reached skill level 9 in Spellcasting
  7022 | Temple   | Entered the Ecumenical Temple
  7119 | Temple   | Became a worshipper of Vehumet
  7251 | D:7      | Found a hazy altar of Hepliaklqana.
  7285 | D:7      | Got a dazzling ring mail
  7545 | D:7      | Noticed a two-headed ogre
  7548 | D:7      | Reached skill level 10 in Spellcasting
  7664 | D:7      | Killed a two-headed ogre
  7664 | D:7      | Reached skill level 1 in Fighting
  7958 | D:7      | Found a glowing golden altar of the Shining One.
  8237 | D:7      | Identified the cursed +0 ring mail of Byjakkih {Str+2} (You
                  | found it on level 7 of the Dungeon)
  8336 | D:8      | Reached XP level 10. HP: 52/52 MP: 18/26
  8353 | D:8      | Learned a level 2 spell: Blink
  8355 | D:8      | Learned a level 1 spell: Magic Dart
  8403 | D:8      | Reached skill level 11 in Spellcasting
  8560 | D:8      | Reached * piety under Vehumet
  8560 | D:8      | Offered knowledge of Sting by Vehumet.
  8628 | D:8      | Noticed a two-headed ogre
  8633 | D:8      | Killed a two-headed ogre
  8633 | D:8      | Reached skill level 1 in Evocations
  9484 | D:9      | Got a warped robe
  9616 | D:9      | Identified the cursed +0 robe "Caichaes" {*Drain rPois
                  | Regen+ SInv} (You took it off a centaur on level 9 of the
                  | Dungeon)
  9649 | D:9      | Got a dazzling quarterstaff
  9650 | D:9      | Identified the +7 quarterstaff of Xokk {freeze, MR+} (You
                  | found it on level 9 of the Dungeon)
  9759 | D:9      | Found Hing's Weapon Shoppe.
 10494 | D:10     | Entered Level 10 of the Dungeon
 10836 | D:10     | Noticed an oklob plant
 10842 | D:10     | Found a staircase to the Lair.
 10887 | D:10     | Reached skill level 12 in Spellcasting
 11327 | D:10     | Reached skill level 10 in Fire Magic
 11774 | D:10     | Reached XP level 11. HP: 55/55 MP: 20/29
 12094 | D:10     | Killed an oklob plant
 12120 | D:10     | Identified a scroll of acquirement
 12121 | D:10     | Got a pair of faintly humming gloves
 12132 | D:10     | Identified the +0 pair of gloves of the Monkey {-Cast
                  | Int+4} (You acquired it on level 10 of the Dungeon)
 12175 | D:10     | Gained mutation: You have a pair of small antennae on your
                  | head. [potion of mutation]
 12175 | D:10     | Gained mutation: You are resistant to hostile enchantments.
                  | (MR+) [potion of mutation]
 12175 | D:10     | Gained mutation: You are clumsy. (Dex -2) [potion of
                  | mutation]
 12175 | D:10     | Gained mutation: You are partially covered in rugged brown
                  | scales. (AC +1, +3% HP) [potion of mutation]
 12199 | D:11     | Reached ** piety under Vehumet
 12199 | D:11     | Offered knowledge of Freeze by Vehumet.
 12203 | D:11     | Found a runed gate.
 12208 | D:11     | Found a runed gate.
 12208 | D:11     | Noticed thomasnlv21's ghost (journeyman MiBe)
 12209 | D:11     | Found a runed gate.
 12212 | D:11     | Noticed an 11-headed hydra
 12269 | D:11     | Noticed Maurice
 12275 | D:11     | Noticed Erolcha
 12278 | D:11     | Killed Maurice
 12278 | D:11     | Reached skill level 13 in Spellcasting
 12287 | D:11     | Killed Erolcha
 12429 | D:11     | Noticed Grum
 12435 | D:11     | Killed Grum
 12828 | D:11     | Offered knowledge of Dazzling Spray by Vehumet.
 12919 | D:11     | Hit by a large rock thrown by a cyclops

Skill      XL: |  1  2  3  4  5  6  7  8  9 10 11 |
---------------+----------------------------------+-----
Fire Magic     | 4 5 6 7 8 10 | 10.7
Stealth        | 3 4 5 |  5.9
Spellcasting   | 4 5 6 7 8 10 12 13 | 13.5
Conjurations   | 2 3 5 6 7 8 9 |  9.9
Dodging        | 3 4 |  4.6
Short Blades   | 1 2 |  2.7
Armour         | 1 2 |  2.1
Fighting       | 1 |  1.6
Evocations     | 1 |  1.1
Staves         | |  0.7
Translocations | |  0.4

Action                   |  1- 3 |  4- 6 |  7- 9 | 10-12 || total
-------------------------+-------+-------+-------+-------++-------
Melee: Short sword       |    16 |     5 |       |       ||    21
       Rapier            |       |    18 |       |       ||    18
       Dagger            |       |     1 |    46 |     3 ||    50
       Whip              |       |       |    28 |       ||    28
       War axe           |       |       |     2 |       ||     2
       Quarterstaff      |       |       |       |    14 ||    14
 Cast: Flame Tongue      |    77 |    61 |    62 |    83 ||   283
       Throw Flame       |     6 |    17 |    37 |    37 ||    97
       Sticky Flame      |       |     6 |    23 |    27 ||    56
       Fireball          |       |       |    14 |    37 ||    51
       Magic Dart        |       |       |       |    11 ||    11
       Blink             |       |       |       |     3 ||     3
Evoke: Wand              |       |       |     5 |     1 ||     6
  Use: Scroll            |       |       |       |    16 ||    16
       Potion            |       |       |       |     5 ||     5
 Stab: Sleeping          |       |     1 |       |     1 ||     2
  Eat: Chunk             |     5 |     9 |    13 |    12 ||    39
       Ration            |       |       |       |     2 ||     2
Armor: Robe              |    13 |    14 |    22 |    13 ||    62
       Leather armour    |       |     2 |     1 |       ||     3
       Ring mail         |       |       |     3 |     9 ||    12
Dodge: Dodged            |    35 |    25 |    89 |    42 ||   191
